 Dungeon Crawl Stone Soup version 0.22.0-27-ga576289 (webtiles) character file.

877 Lew the Skirmisher (level 7, -7/93 HPs)
             Began as a Minotaur Abyssal Knight on Aug 21, 2018.
             Was an Elder of Lugonu.
             Mangled by Duvessa
             ... wielding a +0 short sword of electrocution
              (17 damage)
             ... on level 4 of the Dungeon.
             The game lasted 00:11:20 (5200 turns).

Lew the Skirmisher (Minotaur Abyssal Knight)        Turns: 5200, Time: 00:11:20

Health: -7/93      AC: 23    Str: 18    XL:     7   Next: 75%
Magic:  9/9        EV:  2    Int: 14    God:    Lugonu [****..]
Gold:   320        SH:  0    Dex: 10    Spells: 6/6 levels left

rFire    + . .     SeeInvis .   a - +1 hand axe
rCold    . . .     Gourm    .   (no shield)
rNeg     + + +     Faith    .   (armour currently unavailable)
rPois    +         Spirit   .   (helmet currently unavailable)
rElec    .         Reflect  .   (cloak currently unavailable)
rCorr    .         Harm     .   (gloves currently unavailable)
MR       .....     NoTele   +   (boots currently unavailable)
Stlth    +.........             (no amulet)
HPRegen  0.25/turn              i - ring of flight
MPRegen  0.11/turn              x - ring of protection from fire

@: brilliant, tree-form
A: (retaliatory headbutt)
a: Depart the Abyss, Bend Space, Banish, Corrupt, Renounce Religion


You were on level 4 of the Dungeon.
You worshipped Lugonu.
Lugonu was greatly pleased with you.
You were not hungry.
You were a tree.
You visited 1 branch of the dungeon, and saw 7 of its levels.
You visited the Abyss 1 time.

You collected 320 gold pieces.

Inventory:

Hand Weapons
 a - a +1 hand axe (weapon)
Armour
 f - a +0 plate armour
 g - a +1 pair of gloves (melded)
 s - a +0 ring mail of poison resistance (melded)
Jewellery
 i - a ring of flight (left branch)
 p - an uncursed ring of wizardry
 x - a ring of protection from fire (right branch)
 y - an uncursed ring of magical power
Wands
 z - a wand of scattershot (2)
Scrolls
 b - 4 scrolls of identify
 h - a scroll of immolation
 j - a scroll of blinking
 k - a scroll of noise
 l - 3 scrolls of remove curse
 o - 3 scrolls of magic mapping
 r - a scroll of enchant weapon
Potions
 d - 2 potions of heal wounds
 m - a potion of haste
Comestibles
 c - 3 rations


   Skills:
 + Level 5.9 Fighting
 + Level 5.2 Axes
 + Level 5.2 Armour
 + Level 4.3 Dodging
 + Level 4.2 Invocations


You had 6 spell levels left.
You didn't know any spells.
Your spell library was empty.

Dungeon Overview and Level Annotations

Branches:
Dungeon (7/15)
 Temple: D:4-7

Altars:
Makhleb
Qazlal
Trog
Wu Jian
Xom
Yredelemnul

Annotations:
D:4 Duvessa
D:5 Eustachio


Innate Abilities, Weirdness & Mutations

((You reflexively headbutt those who attack you in melee.))
((You have a pair of horns on your head.))


Message History

Your +0 ring mail of poison resistance melds into your body.
Your roots penetrate the ground.
Duvessa hits you but does no damage.
You don't know any spells.
Evoke which item? (* to show all) (? for menu, Esc to quit)
Aiming: Scattershot
Press: ? - help, Shift-Dir - straight line, f/p - Duvessa
Aim: Duvessa, wielding a short sword of electrocution and wearing a runed scale mail (lightly wounded, berserk, fast, unusually strong)
The burst of metal fragments hits Duvessa.
Duvessa is moderately wounded.
Duvessa hits you but does no damage.
You are electrocuted!
* * * LOW HITPOINT WARNING * * *
Duvessa hits you but does no damage.
Evoke which item? (* to show all) (? for menu, Esc to quit)
Aiming: Scattershot
Press: ? - help, Shift-Dir - straight line, f/p - Duvessa
Aim: Duvessa, wielding a short sword of electrocution and wearing a runed scale mail (moderately wounded, berserk, fast, unusually strong)
The burst of metal fragments hits Duvessa. x3
Duvessa is moderately wounded.
Duvessa hits you but does no damage.
You are electrocuted!
You die...

###### #....# #....#
#....# #....#
######## #....##
#..♣...#######......
#.>e................
#......##########...
#......# #...
##.##############...
#...# #............
#...# #.########.##
#...####.########.##
#...................


You could see Duvessa (berserk).

Vanquished Creatures
  Sigmund (D:3)
  A human (D:2)
  Dowan (D:5)
  A crimson imp (D:4)
  A hound (D:7)
  2 orc wizards
  An orc priest (D:3)
  Jessica (D:3)
  Ijyb (D:4)
  A worker ant (D:3)
  Robin (D:2)
  8 gnolls
  6 adders
  7 worms
  2 dart slugs (D:1)
  6 leopard geckos
  15 orcs
  A ball python (D:3)
  A giant cockroach (D:3)
  18 goblins
  11 hobgoblins
  8 jackals
  A quokka (D:3)
  11 bats
  8 frilled lizards
  A goblin skeleton (D:2)
  A goblin zombie (D:2)
  6 kobolds
  A kobold skeleton (D:2)
  A quokka skeleton (D:4)
  3 rats
128 creatures vanquished.

Notes
Turn   | Place    | Note
-------+----------+-------------------------------------------
     0 | Abyss:1  | Lew the Minotaur Abyssal Knight began the quest for the Orb.
     0 | Abyss:1  | Reached XP level 1. HP: 19/19 MP: 1/1
    34 | Abyss:2  | Found an ancient bone altar of Kikubaaqudgha.
    50 | Abyss:2  | Noticed a large abomination
    60 | Abyss:2  | Noticed a worldbinder
   102 | Abyss:3  | Noticed a vampire
   105 | Abyss:3  | Found a hide-covered altar of Uskayaw.
   113 | Abyss:3  | Noticed a shadow dragon skeleton
   125 | Abyss:3  | Noticed a raiju
   127 | D:1      | Escaped the Abyss
   575 | D:1      | Reached XP level 2. HP: 27/27 MP: 2/2
   582 | D:1      | Reached * piety under Lugonu
   695 | D:1      | Reached XP level 3. HP: 30/33 MP: 3/3
  1069 | D:2      | Noticed Robin
  1081 | D:2      | Reached ** piety under Lugonu
  1087 | D:2      | Killed Robin
  1362 | D:2      | Reached XP level 4. HP: 40/40 MP: 4/4
  1711 | D:2      | Found a runed door.
  1711 | D:2      | Noticed a human
  1716 | D:2      | Found a basalt altar of Yredelemnul.
  1742 | D:2      | Killed a human
  1742 | D:2      | Reached XP level 5. HP: 44/47 MP: 4/6
  2055 | D:2      | Reached XP level 6. HP: 52/55 MP: 7/7
  2560 | D:3      | Reached skill level 5 in Fighting
  2672 | D:3      | Noticed Sigmund
  2688 | D:3      | Killed Sigmund
  2688 | D:3      | Reached XP level 7. HP: 27/61 MP: 8/8
  2886 | D:3      | Found a faded altar of an unknown god.
  2914 | D:3      | Reached *** piety under Lugonu
  3102 | D:3      | Noticed Jessica
  3125 | D:3      | Killed Jessica
  3139 | D:3      | Found an ornate altar of the Wu Jian Council.
  3139 | D:3      | Found a bloodstained altar of Trog.
  3895 | D:4      | You fall through a shaft for 3 floors!
  3975 | D:6      | Found a stormy altar of Qazlal.
  4019 | D:6      | Reached skill level 5 in Armour
  4020 | D:6      | Reached skill level 5 in Axes
  4042 | D:5      | Entered Level 5 of the Dungeon
  4176 | D:4      | Found a shimmering altar of Xom.
  4178 | D:4      | Found a shimmering altar of Xom.
  4178 | D:4      | Found a shimmering altar of Xom.
  4178 | D:4      | Found a shimmering altar of Xom.
  4180 | D:4      | Found a shimmering altar of Xom.
  4180 | D:4      | Found a shimmering altar of Xom.
  4182 | D:4      | Found a shimmering altar of Xom.
  4194 | D:4      | Noticed Ijyb
  4215 | D:4      | Killed Ijyb
  4417 | D:5      | Found a burning altar of Makhleb.
  4422 | D:5      | Noticed Dowan
  4425 | D:5      | Noticed Duvessa
  4429 | D:5      | Noticed Eustachio
  4452 | D:4      | Reached **** piety under Lugonu
  5185 | D:5      | Killed Dowan
  5200 | D:4      | Mangled by Duvessa

Skill      XL: |  1  2  3  4  5  6  7 |
---------------+----------------------+-----
Invocations    | 2 3 4 |  4.2
Fighting       | 4 5 |  5.9
Axes           | 3 4 5 |  5.2
Armour         | 3 4 5 |  5.2
Dodging        | 2 3 4 |  4.3

Action                   |  1- 3 |  4- 6 |  7- 9 || total
-------------------------+-------+-------+-------++-------
Melee: Hand axe          |    82 |   135 |   176 ||   393
       Headbutt          |    13 |    25 |    23 ||    61
Invok: Depart the Abyss  |     1 |       |       ||     1
Evoke: Wand              |       |       |     7 ||     7
  Use: Potion            |     1 |       |     3 ||     4
       Scroll            |       |     9 |     5 ||    14
  Eat: Chunk             |       |     3 |     5 ||     8
       Ration            |       |     1 |     1 ||     2
Armor: Plate armour      |    82 |    81 |       ||   163
       Ring mail         |       |    10 |    66 ||    76
       Skin              |       |       |     4 ||     4
Dodge: Dodged            |    27 |    51 |   138 ||   216
